 Dungeon Crawl Stone Soup version 0.21-a0-271-ge7f0487 (webtiles) character file.

8369 JackS81 the Martial Artist (level 11, -9/63 HPs)
             Began as an Octopode Transmuter on Sept 15, 2017.
             Was a Priest of Okawaru.
             Mangled by a two-headed ogre
             ... wielding a +0 giant club
              (14 damage)
             ... on level 10 of the Dungeon.
             The game lasted 01:00:06 (9695 turns).

JackS81 the Martial Artist (Octopode Transmuter)    Turns: 9695, Time: 01:00:07

Health: -9/63      AC:  1    Str: 14    XL:     11   Next: 29%
Magic:  23/28      EV: 22    Int: 19    God:    Okawaru [***...]
Gold:   560        SH:  0    Dex: 17    Spells: 5/21 levels left

rFire    . . .     SeeInvis .     - Unarmed
rCold    . . .     Gourm    .   (shield currently unavailable)
rNeg     + . .     Faith    .   (helmet restricted)
rPois    .         Spirit   .   l - amulet of regeneration
rElec    .         Reflect  .   w - ring of magical power
rCorr    .         Harm     .   f - ring "Neori" {*Drain +Inv rN+ Str+5 Dex+4}
MR       .....                  (no ring)
Stlth    ++++......             (no ring)
HPRegen  0.60/turn              (no ring)
MPRegen  0.21/turn              (no ring)
                                (no ring)
                                (no ring)

@: blade tentacles, heroism
A: almost no armour, stealthy swim, amphibious, 8 rings, constrict 8, camouflage
1, gelatinous body 1
a: End Transformation, Heroism, Renounce Religion, Evoke Invisibility


You were on level 10 of the Dungeon.
You worshipped Okawaru.
Okawaru was most pleased with you.
You were not hungry.
You had blades for tentacles.
You visited 2 branches of the dungeon, and saw 13 of its levels.
You also visited: Ossuary.

You collected 560 gold pieces.

Inventory:

Hand Weapons
 g - a +4 whip
 s - a +2 whip of electrocution
Missiles
 a - 143 arrows
 e - 15 poisoned needles
 h - 45 bolts
Jewellery
 f - the ring "Neori" (right scythe-like blade) {*Drain +Inv rN+ Str+5 Dex+4}
   (You acquired it on level 8 of the Dungeon)

   [ring of positive energy]

   It affects your strength (+5).
   It affects your dexterity (+4).
   It protects you from negative energy.
   It lets you turn invisible.
   It causes draining when unequipped.
 l - an amulet of regeneration (around mantle)
 u - an uncursed amulet of the gourmand
 w - a ring of magical power (left scythe-like blade)
Wands
 d - a wand of acid (5/15)
 B - a wand of iceblast (9/15)
 C - a wand of paralysis (3/24)
 E - a wand of scattershot (5/9)
Scrolls
 i - 2 scrolls of random uselessness
 j - 2 scrolls of enchant armour
 m - a scroll of recharging
 n - a scroll of fog
 q - a scroll of magic mapping
 r - 2 scrolls of amnesia
 v - a scroll of remove curse
 x - a scroll of enchant weapon
 y - 4 scrolls of teleportation
 D - a scroll of blinking
 F - a scroll of silence {unknown}
 I - a scroll of identify
Potions
 k - a potion of flight
 p - a potion of cancellation
 z - 3 potions of lignification {unknown}
 A - 4 potions of might
 G - a potion of haste
 J - a potion of magic
Books
 b - a book of Changes

   Spells                             Type                      Level
   a - Beastly Appendage              Transmutation                1
   b - Sticks to Snakes               Transmutation                2
   c - Spider Form                    Transmutation/Poison         3
   d - Ice Form                       Ice/Transmutation            4
   e - Blade Hands                    Transmutation                5
 K - a Young Poisoner's Handbook

   Spells                             Type                      Level
   a - Sting                          Conjuration/Poison           1
   b - Poisonous Vapours              Poison/Air                   2
   c - Mephitic Cloud                 Conjuration/Poison/Air       3
   d - Olgreb's Toxic Radiance        Poison                       4
   e - Venom Bolt                     Conjuration/Poison           5
Comestibles
 c - 8 bread rations
 o - 3 meat rations
 t - 3 royal jellies


   Skills:
 - Level 1.0(6.0) Fighting
 * Level 7.3(12.3) Dodging
 * Level 10.8(15.8) Unarmed Combat
 * Level 5.6 Spellcasting
 - Level 10.0 Transmutations
 - Level 1.2 Ice Magic
 * Level 2.8 Poison Magic


You had 5 spell levels left.
You knew the following spells:

 Your Spells              Type           Power        Failure   Level  Hunger
a - Beastly Appendage     Tmut           #####.       9%          1    None
b - Spider Form           Tmut/Pois      ####......   22%         3    ##.....
c - Ice Form              Ice/Tmut       ####....     50%         4    ####...
d - Blade Hands           Tmut           #####.....   32%         5    #####..
e - Mephitic Cloud        Conj/Pois/Air  #.......     67%         3    ##.....


Dungeon Overview and Level Annotations

Branches:
Dungeon (12/15)            Temple (1/1) D:7            Lair (0/6) D:11
    Orc: D:9-12

Altars:
Ashenzari
Dithmenos
Fedhas
Gozag
Hepliaklqana
Kikubaaqudgha
Makhleb
Nemelex Xobeh
Okawaru
Qazlal
Ru
Trog
Uskayaw
Vehumet
Xom
Yredelemnul
Zin
The Shining One

Shops:
D:6 %


Innate Abilities, Weirdness & Mutations

You cannot wear most types of armour.
You are very stealthy in the water. (Stealth+)
You are amphibious.
You can wear up to eight rings at the same time.
You can use your tentacles to constrict eight enemies at once.
Your skin changes colour to match your surroundings (Stealth+).
Your rubbery body absorbs attacks. (AC +1, EV +1)


Message History

You completely miss something. You slash something! You squeeze something.
Something hits you!
* * * LOW HITPOINT WARNING * * *
Something hits you.
* * * LOW HITPOINT WARNING * * *
You feel better. Something hits you!
* * * LOW HITPOINT WARNING * * *
Something hits you.
* * * LOW HITPOINT WARNING * * *
You slice something!! Okawaru accepts your kill.
Reactivating autopickup.
You feel a bit more experienced.
You gain the combat prowess of a mighty hero.
The two-headed ogre misses you. The two-headed ogre closely misses you.
You hit the two-headed ogre but do no damage.
You slice the two-headed ogre!! You slash the two-headed ogre!
The two-headed ogre is severely wounded.
The two-headed ogre hits you with a giant club!
You die...

# ...... ####
#...... ...##
##....... ....##
##........ .....#
##..#...... .....#
##.### #.o..
.....## ##o## #..
......# ###O## #
......#### ##.@##
......>..#####..##
.)....##...##..##
...(...####...##
.......# ##..#
#......# ##.#
######## ###


You could see a two-headed ogre and an orc.

Vanquished Creatures
  3 two-headed ogres
  An unseen horror (D:10)
  A centaur zombie (D:11)
  A komodo dragon (D:10)
  Prince Ribbit (D:6)
  Sigmund (D:6)
  A spriggan (D:7)
  2 wraiths
  6 yaks (D:9)
  3 black bears
  A sky beast (D:6)
  3 eyes of draining
  An ice beast (D:6)
  A phantom (D:4)
  5 ogres
  A centaur (D:10)
  A crocodile (D:10)
  2 bullfrogs
  A wyvern zombie (D:7)
  A water moccasin zombie (D:11)
  5 scorpions
  2 wights (D:10)
  3 howler monkeys (D:10)
  5 crimson imps
  2 centaur skeletons
  6 hounds
  3 jellies
  A human zombie (Ossuary)
  3 orc priests
  Crazy Yiuf (D:6)
  2 bullfrog skeletons
  6 orc wizards
  Jessica (D:2)
  Ijyb (D:3)
  Terence (D:3)
  15 worker ants
  2 hound zombies
  3 mummies (Ossuary)
  A gnoll (D:3)
  11 adders
  A shadow imp (D:7)
  An ooze (D:3)
  2 adder skeletons
  A worm (D:2)
  A dart slug (D:2)
  3 leopard geckos
  30 orcs
  3 giant cockroaches
  A gnoll zombie (Ossuary)
  6 goblins
  6 hobgoblins
  3 jackals (D:1)
  5 quokkas
  3 ball pythons
  6 bats
  9 frilled lizards
  A goblin zombie (Ossuary)
  2 hobgoblin zombies (Ossuary)
  2 kobolds
  4 kobold zombies (Ossuary)
  2 quokka skeletons
  A quokka zombie (D:7)
  6 rats
210 creatures vanquished.

Vanquished Creatures (collateral kills)
  A jelly (D:8)
1 creature vanquished.

Vanquished Creatures (others)
  An orc wizard (D:6)
  8 plants (D:5)
9 creatures vanquished.

Grand Total: 220 creatures vanquished

Notes
Turn   | Place    | Note
-------+----------+-------------------------------------------
     0 | D:1      | JackS81 the Octopode Transmuter began the quest for the Orb.
     0 | D:1      | Reached XP level 1. HP: 13/13 MP: 3/3
   143 | D:1      | Reached XP level 2. HP: 7/18 MP: 3/5
   784 | D:2      | Reached XP level 3. HP: 20/23 MP: 4/6
   789 | D:2      | Learned a level 3 spell: Spider Form
   812 | D:2      | Found a hide-covered altar of Uskayaw.
  1367 | D:2      | Noticed Jessica
  1378 | D:2      | Killed Jessica
  1378 | D:2      | Reached XP level 4. HP: 20/28 MP: 7/7
  1890 | D:3      | Noticed Terence
  1908 | D:3      | Killed Terence
  1908 | D:3      | Reached XP level 5. HP: 33/33 MP: 8/8
  2018 | D:3      | Noticed Ijyb
  2036 | D:3      | Killed Ijyb
  2079 | D:3      | Reached skill level 1 in Poison Magic
  2343 | D:3      | Learned a level 4 spell: Ice Form
  2529 | D:3      | Found a bloodstained altar of Trog.
  2545 | D:3      | Noticed an eye of draining
  2546 | D:3      | Noticed an eye of draining
  2557 | D:3      | Killed an eye of draining
  2557 | D:3      | Reached skill level 5 in Unarmed Combat
  2557 | D:3      | Reached XP level 6. HP: 38/38 MP: 0/9
  2563 | D:3      | Killed an eye of draining
  2968 | D:4      | Found a sacrificial altar of Ru.
  3004 | D:4      | Noticed a phantom
  3020 | D:4      | Killed a phantom
  3020 | D:4      | Reached XP level 7. HP: 13/43 MP: 10/10
  3260 | D:4      | Reached skill level 5 in Transmutations
  3331 | D:4      | Found an opulent altar of Gozag.
  3387 | D:4      | Found a glowing golden altar of the Shining One.
  3514 | D:5      | Entered Level 5 of the Dungeon
  3719 | D:5      | Reached skill level 1 in Ice Magic
  3866 | D:5      | Reached XP level 8. HP: 14/48 MP: 11/11
  4277 | D:5      | Found an ancient bone altar of Kikubaaqudgha.
  4943 | D:6      | Found Sioqazos's Food Emporium.
  5129 | D:6      | Noticed Prince Ribbit
  5164 | D:6      | Killed Prince Ribbit
  5164 | D:6      | Reached XP level 9. HP: 42/53 MP: 12/12
  5211 | D:6      | Found a runed door.
  5216 | D:6      | Noticed Crazy Yiuf
  5219 | D:6      | Killed Crazy Yiuf
  5258 | D:6      | Noticed Sigmund
  5268 | D:6      | Killed Sigmund
  5509 | D:7      | Found a sand-covered staircase.
  5519 | D:7      | Found a shimmering altar of Xom.
  5679 | Ossuary  | Entered an ossuary
  6323 | D:7      | Found a staircase to the Ecumenical Temple.
  6339 | Temple   | Entered the Ecumenical Temple
  6480 | Temple   | Became a worshipper of Warmaster Okawaru
  6792 | D:7      | Reached skill level 5 in Dodging
  6997 | D:8      | Identified a scroll of acquirement
  6998 | D:8      | Got a clouded copper ring
  6999 | D:8      | Identified the ring "Neori" {*Drain +Inv rN+ Str+5 Dex+4} (You acquired it on level 8 of the Dungeon)
  7193 | D:8      | Noticed a two-headed ogre
  7199 | D:8      | Killed a two-headed ogre
  7199 | D:8      | Reached * piety under Okawaru
  7199 | D:8      | Reached XP level 10. HP: 58/58 MP: 15/15
  7333 | D:8      | Found a radiant altar of Vehumet.
  7794 | D:9      | You fall through a shaft for 3 floors!
  7830 | D:12     | Noticed a two-headed ogre
  7846 | D:12     | Killed a two-headed ogre
  7846 | D:12     | Reached ** piety under Okawaru
  7846 | D:12     | Reached skill level 10 in Unarmed Combat
  7953 | D:11     | Learned a level 5 spell: Blade Hands
  7974 | D:11     | Found a staircase to the Lair.
  7974 | D:11     | Noticed an elephant
  8022 | D:10     | Entered Level 10 of the Dungeon
  8084 | D:10     | Noticed a two-headed ogre
  8117 | D:10     | Killed a two-headed ogre
  8480 | D:9      | Reached skill level 10 in Transmutations
  8524 | D:9      | Reached XP level 11. HP: 62/63 MP: 18/18
  8581 | D:9      | Reached *** piety under Okawaru
  8581 | D:9      | Reached skill level 5 in Spellcasting
  8812 | D:9      | Learned a level 3 spell: Mephitic Cloud
  8910 | D:9      | Found a sparkling altar of Nemelex Xobeh.
  9680 | D:10     | Noticed a two-headed ogre
  9689 | D:10     | HP: 2/63 [something (3)]
  9690 | D:10     | Killed an unseen horror
  9695 | D:10     | Mangled by a two-headed ogre

Vault maps used:
D:1:      dpeg_arrival_arbitrary_c
D:2:      eat_drink_and_be_merry_uskayaw, minmay_misc_feat_five, uniq_jessica
D:3:      trog_eyes_of_draining, first_bread, uniq_ijyb, uniq_terence
D:4:      lemuel_round_altar, lemuel_doored_altar, grunt_gozag_statues
D:5:      kiku_gazebo_garden_becter, serial_bayou, serial_bayou_pond_e,
          serial_bayou_pond_c, serial_bayou_lagoon_a, serial_bayou_shore_a
D:6:      serial_shops, kennysheep_little_box, uniq_crazy_yiuf_cottage,
          uniq_sigmund, uniq_prince_ribbit1
D:7:      nicolae_overflow_crystal_walls, minmay_temple_entry_water_ring,
          nicolae_ossuary_entry_false_entrances, the_bakery,
          lightli_corner_chamber
D:8:      lemuel_upstairs_altar, lemuel_round_altar
D:9:      nemelex_xobeh_ov_fountains_minmay
D:10:     david_orc_3
D:11:     david_lair_generic, basic_altar, hangedman_decor_diamond_cutter
Temple:   nicolae_temple_figure_eight
Ossuary:  ossuary_kennysheep_city_of_the_dead

Skill      XL: |  1  2  3  4  5  6  7  8  9 10 11 |
---------------+----------------------------------+-----
Unarmed Combat | 4 5 6 7 8 9 10 | 10.8
Transmutations | 3 4 5 6 8 10 | 10.0
Poison Magic   | 1 2 |  2.8
Ice Magic      | 1 |  1.2
Dodging        | 4 5 6 7 |  7.3
Spellcasting   | 3 4 5 |  5.6
Fighting       | |  1.0

Action                   |  1- 3 |  4- 6 |  7- 9 | 10-12 || total
-------------------------+-------+-------+-------+-------++-------
Melee: Unarmed           |    64 |   106 |   346 |   143 ||   659
       Constrict         |    22 |    12 |    42 |    11 ||    87
       Kick              |    20 |     9 |    50 |     3 ||    82
       Tentacles         |     9 |     8 |    29 |    22 ||    68
       Punch             |     3 |     2 |    15 |     9 ||    29
 Cast: Beastly Appendage |    19 |    11 |    22 |     3 ||    55
       Spider Form       |     1 |     6 |    25 |     7 ||    39
       Ice Form          |       |       |     4 |     1 ||     5
       Blade Hands       |       |       |       |    11 ||    11
Invok: Heroism           |       |       |       |     2 ||     2
 Abil: End Transformatio |       |       |     2 |     1 ||     3
Evoke: Wand              |       |       |     4 |       ||     4
  Use: Scroll            |     3 |       |    17 |     2 ||    22
       Potion            |       |     5 |     9 |     5 ||    19
 Stab: Sleeping          |     5 |     3 |     3 |     2 ||    13
       Distracted        |       |       |     1 |       ||     1
  Eat: Chunk             |     1 |     8 |    13 |     9 ||    31
       Royal jelly       |       |       |     2 |       ||     2
       Bread ration      |       |       |       |     1 ||     1
Armor: Skin              |     4 |     6 |    18 |     7 ||    35
Dodge: Dodged            |    28 |    68 |   204 |   115 ||   415

Table legend:
 A = Spawn XP
 B = Non-spawn XP
 C = Spawn XP percentage of total XP
 D = Spawn monster count
 E = Non-spawn monster count
 F = Spawn count percentage of total count
 G = Total turns spent on level
                    A         B        C        D         E        F      G
               +---------+---------+-------+---------+---------+-------+---------
         Total |       0 |   11957 |   0.0 |       0 |     211 |   0.0 |  9695
               +---------+---------+-------+---------+---------+-------+---------
           D:1 |       0 |      28 |   0.0 |       0 |      17 |   0.0 |   748
           D:2 |       0 |      87 |   0.0 |       0 |      15 |   0.0 |   862
           D:3 |       0 |     364 |   0.0 |       0 |      18 |   0.0 |  1123
           D:4 |       0 |     396 |   0.0 |       0 |      22 |   0.0 |   877
           D:5 |       0 |     833 |   0.0 |       0 |      30 |   0.0 |  1014
           D:6 |       0 |    1217 |   0.0 |       0 |      21 |   0.0 |   752
           D:7 |       0 |     965 |   0.0 |       0 |      17 |   0.0 |   909
           D:8 |       0 |    1489 |   0.0 |       0 |      18 |   0.0 |   728
           D:9 |       0 |    1625 |   0.0 |       0 |      16 |   0.0 |  1075
          D:10 |       0 |    3095 |   0.0 |       0 |      19 |   0.0 |   720
          D:11 |       0 |     633 |   0.0 |       0 |       4 |   0.0 |    93
          D:12 |       0 |     913 |   0.0 |       0 |       2 |   0.0 |   135
       Ossuary |       0 |     312 |   0.0 |       0 |      12 |   0.0 |   504
               +---------+---------+-------+---------+---------+-------+---------
